 Dungeon Crawl Stone Soup version 0.29-a0-371-g91724d5b39 (webtiles) character file.

Game seed: 6549851924839034844

1185 ryw the Fighter (level 8, 0/69 HPs)
             Began as a Demonspawn Monk on May 2, 2022.
             Was a Believer of Makhleb.
             Killed by divine providence
             ... invoked by an orc priest
              (12 damage)
             ... on level 6 of the Dungeon on May 3, 2022.
             The game lasted 00:12:11 (7027 turns).

ryw the Fighter (Demonspawn Monk)                   Turns: 7027, Time: 00:12:12

Health: 0/69       AC:  7    Str: 12    XL:     8   Next: 19%
Magic:  2/8        EV: 15    Int: 14    God:    Makhleb [**....]
Gold:   415        SH:  0    Dex: 15    Spells: 7/7 levels left

rFire   . . .      SeeInvis .   l - +3 whip (elec)
rCold   . . .      Faith    .   (no shield)
rNeg    . . .      Spirit   .   i - +1 robe {Will+}
rPois   .          Reflect  .   (no helmet)
rElec   .          Harm     .   (cloak unavailable)
rCorr   .          Rampage  .   n - +1 pair of gloves
Will    +....                   (no boots)
Stlth   ++........              (no amulet)
HPRegen 0.21/turn               (no ring)
MPRegen 0.11/turn               (no ring)

@: studying Dodging
A: slimy green scales 1, demonic guardian 2, weakness stinger 3
a: Renounce Religion, Minor Destruction


You were on level 6 of the Dungeon.
You worshipped Makhleb.
Makhleb was pleased with you.
You visited 1 branch of the dungeon, and saw 6 of its levels.

You collected 415 gold pieces.

Inventory:

Hand Weapons
 j - a +0 vorpal hunting sling
 l - a +3 whip of electrocution (weapon)
Missiles
 f - 4 javelins (quivered)
 q - 6 poisoned darts
 s - 14 stones
Armour
 i - a +1 robe of willpower (worn)
 n - a +1 pair of gloves (worn)
Magical Staves
 o - a staff of death
Wands
 g - a wand of flame (7)
Scrolls
 d - a scroll of fog
 e - a scroll of enchant weapon
 h - 3 scrolls of identify
 k - 4 scrolls of teleportation
 t - a scroll of fear {unknown}
Potions
 a - 3 potions of curing
 b - a potion of ambrosia
 c - a potion of haste
 m - a potion of degeneration {unknown}
 p - a potion of mutation {unknown}
 r - 2 potions of brilliance {unknown}
 u - a potion of attraction {unknown}


   Skills:
 + Level 8.3 Fighting
 - Level 3.0 Maces & Flails
 + Level 6.3 Dodging
 - Level 1.7 Stealth
 - Level 3.0 Unarmed Combat


You had 7 spell levels left.
You didn't know any spells.
Your spell library contained the following spells:

 Spells                   Type           Power      Damage    Failure   Level
 Shock                    Conj/Air       0%         1d3       28%         1
 Swiftness                Air            0%         N/A       65%         3
 Airstrike                Air            0%         N/A       96%         4


Dungeon Overview and Level Annotations

Branches:
Dungeon (6/15)             Temple (0/1) D:6

Altars:
Ashenzari
Fedhas
Makhleb
Uskayaw

Shops:
D:4 ?


Innate Abilities, Weirdness & Mutations

You are partially covered in slimy green scales. (AC +2)
A demonic guardian rushes to your aid.
You have a sharp stinger which inflicts weakening toxins.


Message History

The orc priest shouts!
You hit the orc. Lightning courses through the orc!
You kill the orc!
Makhleb accepts your kill.
You feel better.
The orc priest invokes the aid of Beogh against you.
Beogh smites you!
A demonic guardian appears!
The orc warrior closely misses you.
Things that are here:
a +0 club; a +0 ring mail; an orc corpse You hit the orc warrior but do no damage.
The orc warrior barely misses you.
You hit the orc warrior.
The orc warrior is lightly wounded.
The orc warrior hits you with a +2 antimagic broad axe.
You feel your power leaking away.
The orc priest looks satisfied for a moment.
You hit the orc warrior but do no damage.
The orc warrior is lightly wounded.
The orc warrior hits you with a +2 antimagic broad axe!
You feel your power leaking away.
The orc priest calls down the wrath of Beogh upon you.
Beogh smites you!
The orc priest mumbles some strange prayers to Beogh against you.
Beogh smites you!
* * * LOW HITPOINT WARNING * * *
You swap places.
Your hellwing hits the orc warrior!
Your hellwing hits the orc warrior but does no damage.
The orc warrior hits your hellwing with a +2 antimagic broad axe!!
Your hellwing hits the orc warrior!
Your hellwing barely misses the orc warrior.
The orc warrior hits your hellwing with a +2 antimagic broad axe!
Your hellwing hits the orc warrior but does no damage.
Your hellwing closely misses the orc warrior.
The orc warrior hits your hellwing with a +2 antimagic broad axe!!
Your hellwing dies!
Your hellwing disappears in a puff of smoke!
The orc priest invokes the aid of Beogh against you.
Beogh smites you!
You die...

#.# #.# #..## #...#
#.##########.# #..#####...#
#............#
#........P.#####
##############
##..#####.P......
############...# #.P.####.
#≈≈≈.##......#.# #.P.# #.
##≈≈≈.#.####...# #...####.
#∩_...'.######.#####........
##≈≈≈.####.@.........P..###.
#≈≈≈.### #.###.#####.P..##..
######.# #.# #.# #.P..##..
#.# #.# #.# #.P...... #o#
#o# #.# #........ #o# #o#
#.# #........ #o# #.# #.#
#........ #§# #o# #.#
#.#...#.. #.###.# #.#
#.##.####


You could see an orc warrior and 2 orc priests.

Vanquished Creatures
  Sigmund (D:2)
  A centaur (D:6)
  A necrophage (D:4)
  4 scorpions
  2 crimson imps (D:6)
  A hound (D:4)
  2 orc priests
  2 iguanas
  2 orc wizards
  7 adders
  3 gnolls
  A shadow imp (D:6)
  3 ufetubi (D:6)
  6 worms
  3 dart slugs
  12 orcs
  6 bats
  8 endoplasms
  A giant cockroach (D:1)
  4 goblins
  6 hobgoblins
  5 jackals
  3 quokkas
  7 ball pythons
  6 frilled lizards
  9 kobolds
  7 rats
113 creatures vanquished.

Vanquished Creatures (collateral kills)
  Edmund (D:5)
  A hound (D:6)
  A white imp (D:6)
  3 orcs (D:6)
6 creatures vanquished.

Vanquished Creatures (others)
  3 plants (D:2)
3 creatures vanquished.

Grand Total: 122 creatures vanquished

Notes
Turn   | Place    | Note
-------+----------+-------------------------------------------
     0 | D:1      | ryw the Demonspawn Monk began the quest for the Orb.
     0 | D:1      | Reached XP level 1. HP: 18/18 MP: 1/1
   140 | D:1      | Gained mutation: You have a small tail. [demonic ancestry]
   140 | D:1      | Reached XP level 2. HP: 21/24 MP: 2/2
   724 | D:1      | Reached skill level 4 in Fighting
  1073 | D:1      | Reached XP level 3. HP: 22/30 MP: 3/3
  1778 | D:2      | Found a faded altar of an unknown god.
  2112 | D:1      | Reached skill level 5 in Fighting
  2112 | D:1      | Gained mutation: You have a tail ending in a sharp stinger.
                  | [demonic ancestry]
  2112 | D:1      | Reached XP level 4. HP: 33/39 MP: 4/4
  2922 | D:2      | Noticed Sigmund
  2942 | D:2      | Killed Sigmund
  2943 | D:2      | Reached skill level 6 in Fighting
  2943 | D:2      | Gained mutation: A weak demonic guardian rushes to your
                  | aid. [demonic ancestry]
  2943 | D:2      | Reached XP level 5. HP: 8/47 MP: 5/5
  3684 | D:3      | Gained mutation: A demonic guardian rushes to your aid.
                  | [demonic ancestry]
  3684 | D:3      | Reached XP level 6. HP: 48/53 MP: 6/6
  3871 | D:3      | Found a broken altar of Ashenzari.
  4494 | D:4      | Reached skill level 7 in Fighting
  4494 | D:4      | Reached skill level 1 in Maces & Flails
  4603 | D:4      | Found Faum's Magic Scroll Boutique.
  4918 | D:5      | Entered Level 5 of the Dungeon
  5036 | D:4      | Identified a scroll of acquirement
  5036 | D:4      | Acquired a manual of Dodging
  5063 | D:5      | Gained mutation: You have a sharp stinger which inflicts
                  | weakening toxins. [demonic ancestry]
  5063 | D:5      | Reached XP level 7. HP: 60/60 MP: 7/7
  5197 | D:5      | Noticed Edmund
  5219 | D:5      | Killed Edmund
  6102 | D:6      | Reached skill level 5 in Dodging
  6392 | D:6      | Found a hide-covered altar of Uskayaw.
  6543 | D:6      | Found a staircase to the Ecumenical Temple.
  6611 | D:6      | Reached skill level 8 in Fighting
  6705 | D:6      | Gained mutation: You are partially covered in slimy green
                  | scales. (AC +2) [demonic ancestry]
  6705 | D:6      | Reached XP level 8. HP: 49/68 MP: 8/8
  6920 | D:6      | Found a blossoming altar of Fedhas.
  6968 | D:6      | Found a burning altar of Makhleb.
  6978 | D:6      | Became a worshipper of Makhleb the Destroyer
  6978 | D:6      | Reached * piety under Makhleb
  6978 | D:6      | Reached ** piety under Makhleb
  7027 | D:6      | Killed from afar by an orc priest

Illustrated notes

Levels and vault maps discovered:
D:1:      ncdulo_wetmaze, layout_basic
D:2:      layout_loops_cross, shapermc_ecumenical_altar_totnotflames,
          guppyfry_early_lair_pool, uniq_sigmund
D:3:      layout_rooms, mainiacjoe_overflow_brackets, hex_large
D:4:      layout_rooms, serial_shops, shop_coins
D:5:      layout_basic, uniq_edmund
D:6:      layout_loops_ring, mainiacjoe_overflow_boulevard,
          makhleb_grotto_becter, marbit_many_paths,
          minmay_temple_entry_glassed_door, st_stairs_10, minmay_fire_ice_demons

Skill      XL: |  1  2  3  4  5  6  7  8 |
---------------+-------------------------+-----
Fighting       | 4 5 6 7 8 |  8.3
Maces & Flails | 1 3 |  3.0
Dodging        | 3 5 6 |  6.3
Unarmed Combat | 3 |  3.0
Stealth        | |  1.7

Action                   |  1- 3 |  4- 6 |  7- 9 || total
-------------------------+-------+-------+-------++-------
Melee: Unarmed           |   175 |    48 |       ||   223
       Tailslap          |    20 |    20 |    19 ||    59
       Punch             |     4 |     5 |     2 ||    11
       Flail             |       |    44 |       ||    44
       Whip              |       |    60 |   104 ||   164
  Use: Scroll            |     1 |     6 |     1 ||     8
 Stab: Sleeping          |     3 |     2 |     1 ||     6
Armor: Leather armour    |    13 |       |       ||    13
       Scale mail        |    44 |    15 |       ||    59
       Robe              |       |    16 |    31 ||    47
Dodge: Dodged            |   107 |    71 |    73 ||   251

Table legend: (Time is in decaauts)
 A = Elapsed time spent in this place.
 B = Non-inter-level travel time spent in this place.
 C = Inter-level travel time spent in this place.
 D = Time resting spent in this place.
 E = Time spent auto-exploring this place.
 F = Levels seen in this place.
 G = Mean time per level.
                   A        B        C        D        E       F      G
               +--------+--------+--------+--------+--------+-----+--------+
         Total |   7049 |   6640 |    409 |   1042 |   4371 |   6 | 1174.8 |
       Dungeon |   7049 |   6640 |    409 |   1042 |   4371 |   6 | 1174.8 |
               +--------+--------+--------+--------+--------+-----+--------+

Top non-repeatable levels by time:
     D:1: 2169 daAuts
     D:2: 1584 daAuts
     D:4: 958 daAuts
     D:6: 937 daAuts
     D:5: 895 daAuts
     D:3: 502 daAuts
